 Dungeon Crawl Stone Soup version 0.30-a0-870-gc5d4c5acee (webtiles) character file.

Game seed: 18363774747253632239

34 soylentgreeen202 the Firebug (level 3, -1/26 HPs)
             Began as a Draconian Fire Elementalist on Jan 29, 2023.
             Killed from afar by Natasha (4 damage)
             ... with a puff of flame
             ... on level 2 of the Dungeon on Mar 11, 2023.
             The game lasted 00:12:39 (1944 turns).

soylentgreeen202 the Firebug (DrFE)                 Turns: 1944, Time: 00:12:41

Health: -1/26      AC:  5    Str: 10    XL:     3   Next: 14%
Magic:  2/6        EV: 12    Int: 17    God:
Gold:   78         SH:  0    Dex: 11    Spells: 3/6 levels left

rFire   . . .      SeeInvis .    b - +0 club
rCold   . . .      Faith    .    (no shield)
rNeg    . . .      Spirit   .    (body armour unavailable)
rPois   .          Reflect  .    (helmet restricted)
rElec   .          Rampage  .    (no cloak)
rCorr   .                        (no gloves)
Will    .....                    (no boots)
Stlth   ++                       (no amulet)
HPRegen 0.24/turn                (no ring)
MPRegen 0.10/turn                (no ring)

@: no status effects
A: AC +5, unfitting armour, cold-blooded
a: no special abilities


You were on level 2 of the Dungeon.
You visited 1 branch of the dungeon, and saw 2 of its levels.

You collected 78 gold pieces.

Inventory:

Hand Weapons
 b - a +0 club (weapon)
Armour
 j - a +0 leather armour
Magical Staves
 d - a staff of cold
Scrolls
 i - 2 scrolls of immolation
Potions
 a - a potion of magic
 c - 2 potions of flight {unknown}
 e - a potion of heal wounds {unknown}
 h - a potion of brilliance {unknown}
 k - a potion of resistance


   Skills:
 - Level 0.2 Maces & Flails
 - Level 2.0 Dodging
 - Level 2.0 Stealth
 - Level 2.0 Spellcasting
 * Level 2.6 Conjurations
 + Level 3.0 Fire Magic


You had 3 spell levels left.
You knew the following spells:

 Your Spells              Type           Power      Damage    Failure   Level
a - Foxfire               Conj/Fire      44%        2x1d6     6%          1
b - Scorch                Fire           24%        2d6       9%          2

Your spell library contained the following spells:

 Spells                   Type           Power      Damage    Failure   Level
 Necrotise                Necr           4%         1d4       19%         1
 Summon Small Mammal      Summ           4%         N/A       19%         1
 Cigotuvi's Dreadful Rot  Necr/Pois/Air  2%         N/A       28%         2
 Inner Flame              Hex/Fire       6%         N/A       30%         3
 Dazzling Flash           Conj/Hex       12%        N/A       32%         3
 Kindle Blastsparks       Fire/Tloc/Air  10%        2d10      36%         3
 Call Canine Familiar     Summ           1%         N/A       50%         3
 Summon Guardian Golem    Hex/Summ       1%         N/A       50%         3
 Flame Wave               Conj/Fire      11%        2d6       52%         4
 Summon Mana Viper        Hex/Summ       1%         N/A       99%         5


Dungeon Overview and Level Annotations

Branches:
Dungeon (2/15)

Altars:

Annotations:
D:2 Natasha, Robin


Innate Abilities, Weirdness & Mutations

Your plain brown scales are hard. (AC +5)
You cannot fit into any form of body armour.
You are cold-blooded and may be slowed by cold attacks.


Message History

The crimson imp barely misses you.
A goblin comes into view. It is wielding a +0 dagger.
The goblin shouts!
The goblin attacks as you move away! The goblin misses you.
Natasha zaps a wand.
The puff of flame hits you.
* * * LOW HITPOINT WARNING * * *
The goblin attacks as you move away! The goblin barely misses you.
A goblin comes into view. It is wielding a +0 dagger.
The goblin attacks as you move away! The goblin hits you with a +0 dagger.
* * * LOW HITPOINT WARNING * * *
The goblin attacks as you move away! The goblin closely misses you.
A goblin comes into view. It is wielding a +0 dagger. x2
Found 6 stones.
The goblin attacks as you move away! The goblin hits you with a +0 dagger.
* * * LOW HITPOINT WARNING * * *
The goblin hits you but does no damage. The goblin attacks as you move away!
The goblin hits you but does no damage.
The goblin no longer looks unusually strong.
The hobgoblin no longer looks unusually strong.
The goblin no longer looks unusually strong.
The goblin attacks as you move away! The goblin hits you but does no damage.
Casting: Foxfire (safe; 6% risk of failure)
Confirm with . or Enter, or press ? or * to list all spells.
Flames lash the goblin.
You kill the goblin!
The goblin hits you but does no damage. x2
As you read the scroll of teleportation, it crumbles to dust.
You feel strangely unstable. The goblin hits you with a +0 dagger.
* * * LOW HITPOINT WARNING * * *
The goblin barely misses you.
Natasha mumbles some strange words.
The goblin attacks as you move away! The goblin hits you but does no damage.
Your surroundings suddenly seem different.
A hobgoblin comes into view.
The goblin shouts!
The hobgoblin shoots an arrow.
The arrow misses you. Robin throws the goblin at you!
* * * LOW HITPOINT WARNING * * *
Natasha zaps a wand.
The puff of flame hits you.
You die...

....######...#.# ...# ###########
.............#.####.###..........
#####........#...##..........####
###......#...##......##.g....#
.....).#.#...##......##.(....#
###...##.....##....hg..g.....#
###)..###....##.....gg#......#
#.....# ####..g....g5##......#
..#...###......g@....##......#
......##..#####...g..##......#
........h######......#########
###.....g.gg..#.g....#
#...#######...###### ....###
###..# #### ##.... #####


You could see Robin, Natasha (resistant), a white imp (summoned), 3 hobgoblins
and 5 goblins.

Vanquished Creatures
  A dart slug (D:1)
  A bat (D:1)
  3 endoplasms (D:1)
  2 giant cockroaches
  7 hobgoblins
  2 jackals (D:1)
  A quokka (D:1)
  A ball python (D:1)
  A frilled lizard (D:2)
  5 goblins
  A kobold (D:1)
  2 rats
27 creatures vanquished.

Vanquished Creatures (others)
  53 foxfires
53 creatures vanquished.

Grand Total: 80 creatures vanquished

Notes
Turn   | Place    | Note
-------+----------+-------------------------------------------
     0 | D:1      | soylentgreeen202 the Draconian Fire Elementalist began the
                  | quest for the Orb.
     0 | D:1      | Reached XP level 1. HP: 14/14 MP: 3/3
   211 | D:1      | S
   211 | D:1      | Upgraded the game from 0.30-a0-726-gd89dcf765f to
                  | 0.30-a0-743-gbfdf073431
   421 | D:1      | Reached XP level 2. HP: 20/20 MP: 1/5
  1069 | D:1      | Got the Textbook on the Ghoulish Evil Eye
  1448 | D:2      | Learned a level 2 spell: Scorch
  1701 | D:2      | Reached XP level 3. HP: 26/26 MP: 6/6
  1846 | D:2      | Upgraded the game from 0.30-a0-743-gbfdf073431 to
                  | 0.30-a0-870-gc5d4c5acee
  1911 | D:2      | Noticed Natasha
  1916 | D:2      | Noticed Robin
  1944 | D:2      | Killed from afar by Natasha

Illustrated notes

##.♣♣♣ ♣♣♣~~≈♣♣♣
##..♣♣♣♣♣♣≈~≈..♣♣♣
.......#.....♣♣♣~♣♣...♣♣♣
######.###.....♣♣
♣♣♣...♣♣ ♣ #. #.....♣♣
.♣♣♣♣.♣♣♣
##.#####.)..♣♣♣.♣ ♣♣...
........#.....♣.♣ ♣♣♣♣
........#....♣.♣ ♣
.......@..##...♣♣♣♣
..........####....♣♣♣
........#.# ###....♣♣♣
#########.# ##.....♣♣
#.########...... #.
#.##............
###..##.##.......###..
.....................>
#####.####.)..........


Turn 211 on D:1: S

Levels and vault maps discovered:
D:1:      kilobyte_arrival_exit_the_forest, layout_basic, bh_walls_and_bars
D:2:      layout_rooms, hellmonk_ecumenical_altar_arch_garden, uniq_robin,
          uniq_natasha

Skill      XL: |  1  2 |
---------------+-------+-----
Dodging        | 2 |  2.0
Stealth        | 2 |  2.0
Conjurations   | 2 |  2.6
Maces & Flails | |  0.2
Spellcasting   | |  2.0
Fire Magic     | |  3.0

Action                     || total
---------------------------++-------
  Melee: Club              ||    28
         Tailslap          ||     5
         Punch             ||     1
   Cast: Foxfire           ||    34
         Scorch            ||     1
    Use: Scroll            ||     6
 Armour: Skin              ||    17
  Dodge: Dodged            ||    31

Table legend: (Time is in decaauts)
 A = Elapsed time spent in this place.
 B = Non-inter-level travel time spent in this place.
 C = Inter-level travel time spent in this place.
 D = Time resting spent in this place.
 E = Time spent auto-exploring this place.
 F = Levels seen in this place.
 G = Mean time per level.
                   A        B        C        D        E       F      G
               +--------+--------+--------+--------+--------+-----+--------+
         Total |   1964 |   1850 |    114 |    472 |    599 |   2 |  982.0 |
       Dungeon |   1964 |   1850 |    114 |    472 |    599 |   2 |  982.0 |
               +--------+--------+--------+--------+--------+-----+--------+

Top non-repeatable levels by time:
     D:1: 1415 daAuts
     D:2: 549 daAuts
